AoeStats
← IBlink182

Nomad

509166281Analyzed
2v2 RM · 5d ago on Sep 25, 2026· 46m 56s· 4 players
Game mode
Random Map
Map size
176×176
Population
200
Speed
Normal
Resources
Standard
Victory
Conquest
Starting age
Dark Age
Ending age
Imperial Age
RankedLock teamsTeams togetherTeam positionsShared explorationLock speedFull tech treeHidden civsTurbo modeCheats
Victory
Defeat
🇦🇿 Japanese · Azerbaijan
841
+11
🇺🇸 Aztecs · United States
813
+12
🇪🇸 Byzantines · Spain
739
-11
🇵🇪 Teutons · Peru
726
-12
kinchman
5:25 Loom
14:21 Feudal Age
14:58 Man-at-Arms
16:40 Double-Bit Axe
22:17 Castle Age
21:42 Fletching
21:53 Padded Archer Armor
24:24 Bow Saw
26:24 Gambesons
26:41 Squires
27:25 Pikeman
28:17 Elite Skirmisher
29:52 Medium Warships
29:15 Long Swordsman
36:41 Imperial Age
36:22 Scale Mail Armor
36:32 Forging
36:18 Bodkin Arrow
37:12 Two-Handed Swordsman
40:07 Garland Wars
40:13 Crossbowman
43:18 Champion
Vladika_astadb
7:44 Loom
14:39 Feudal Age
16:10 Man-at-Arms
17:03 Double-Bit Axe
18:48 Forging
19:44 Arson
26:36 Castle Age
27:01 Stone Mining
27:02 Long Swordsman
29:15 Gambesons
32:35 Wheelbarrow
34:30 Bow Saw
40:53 Hand Cart
45:36 Imperial Age
43:42 Scale Mail Armor
44:18 Iron Casting
43:37 Horse Collar
44:35 Town Watch
46:49 Gold Mining
46:46 Elite Samurai
47:49 Conscription
Tomás Roncero
15:41 Feudal Age
16:13 Double-Bit Axe
16:10 Horse Collar
16:20 Fishing Lines
16:05 Man-at-Arms
16:40 Gold Mining
28:04 Castle Age
28:53 Squires
29:03 Husbandry
31:29 Long Swordsman
32:57 Stone Mining
36:38 Gambesons
38:16 Heavy Plow
39:14 Arson
43:43 Bow Saw
IBlink182
14:17 Feudal Age
18:03 Man-at-Arms
23:07 Double-Bit Axe
24:06 Scale Mail Armor
24:42 Horse Collar
31:31 Castle Age
30:26 Gold Mining
39:25 Chain Mail Armor
Connection lost

Rejoining the realm…

Still unreachable

The connection could not be restored.

Session expired

The server has moved on; the page needs a fresh start.